 Dungeon Crawl Stone Soup version 0.15-b1-123-g0918319 (console) character file.

3211 PaZy the Fighter (level 9, -2/74 HPs)
             Began as a Minotaur Fighter on Aug 26, 2014.
             Was a Follower of Trog.
             Slain by an orc warrior
             ... wielding a +0 trident
              (6 damage)
             ... on Level 9 of the Dungeon.
             The game lasted 00:32:33 (7891 turns).

PaZy the Fighter (Minotaur Fighter)                 Turns: 7891, Time: 00:32:33

HP  -2/74        AC 10     Str 23      XL: 9   Next: 65%
MP   4/4         EV  8     Int  5      God: Trog [*.....]
Gold 292         SH 12     Dex 13      Spells:  0 memorised,  8 levels left

rFire  . . .     SeeInvis .     e - +5 flail (crush)
rCold  + . .     Clarity  +     z - +1 scale mail {rPois}
rNeg   . . .     rCorr    .     c - +0 shield
rPois  +         rRot     .     (helmet unavailable)
rElec  .         Spirit   .     (no cloak)
SustAb .         Warding  .     D - +0 pair of gloves
rMut   .         Stasis   .     (no boots)
Gourm  .                        x - amulet of clarity
MR     .....                    (no ring)
                                y - ring of protection from cold

@: not resistant to hostile enchantments, extremely unstealthy
A: retaliatory headbutt, horns 3, agile 1, breathe flames 1, frail 1
a: Burn Spellbooks, Berserk, Renounce Religion, Breathe Fire


You were on level 9 of the Dungeon.
You worshipped Trog.
Trog was aware of your devotion.
You were full.

You visited 2 branches of the dungeon, and saw 10 of its levels.

You collected 457 gold pieces.
You spent 165 gold pieces at shops.

Inventory:

Hand weapons
 e - a +5 flail of crushing (weapon)
Armour
 c - a +0 shield (worn)
 z - a +1 scale mail of poison resistance (worn)
 D - a +0 pair of gloves (worn)
Magical devices
 k - a wand of teleportation (2)
 l - a wand of enslavement (8)
 u - a wand of digging (7)
 v - a wand of fire (6)
 G - a wand of flame (8)
Comestibles
 d - 3 bread rations
 f - 3 meat rations
 o - a beef jerky
 H - a royal jelly
Scrolls
 g - 2 scrolls of fog {unknown}
 h - 3 scrolls of blinking
 j - 2 scrolls of fear {unknown}
 m - a scroll of magic mapping {unknown}
 n - 4 scrolls of teleportation
 p - 3 scrolls of enchant armour {unknown}
 r - a scroll of immolation {unknown}
 t - 4 scrolls of remove curse
 I - a scroll of recharging {unknown}
 J - a scroll of identify
Jewellery
 x - an amulet of clarity (around neck)
 y - a ring of protection from cold (left hand)
Potions
 a - a potion of berserk rage {unknown}
 i - 4 potions of flight
 q - a potion of agility
 s - a potion of cancellation {unknown}
 w - 2 potions of brilliance
 A - a potion of heal wounds {unknown}
 B - 2 potions of magic
 C - a potion of confusion {unknown}
 E - 2 potions of lignification


   Skills:
 + Level 9.1 Fighting
 + Level 8.4 Maces & Flails
 + Level 9.0 Armour
 + Level 9.0 Shields


You had 8 spell levels left.
You didn't know any spells.

Dungeon Overview and Level Annotations

Branches:
Dungeon (9/15)             Temple (1/1) D:7
    Orc: D:9-12        Lair: D:8-11

Altars:
Cheibriados
Dithmenos
Elyvilon
Fedhas
Nemelex Xobeh
Qazlal
Trog
Xom
Yredelemnul
The Shining One

Shops:
D:6 ?


Innate Abilities, Weirdness & Mutations

You reflexively headbutt those who attack you in melee.
You have a pair of large horns on your head.
You are agile. (Dex +2)
You can breathe flames.
You are frail (-10% HP).


Message History

Trog accepts your kill.
Trog appreciates your killing of a magic user.
Your Armour skill increases to level 9!
The orc closely misses you. The orc hits you with a dagger.
You hit the orc.
The orc is almost dead.
You block the orc warrior's attack. You block the orc's attack.
The orc barely misses you. You furiously retaliate!
You headbutt the orc!
You kill the orc!
Trog accepts your kill. The orc hits you with a hand axe.
* * * LOW HITPOINT WARNING * * *
A water moccasin comes into view.
You bludgeon the orc!!
You kill the orc!
Trog accepts your kill.
The orc priest mumbles some strange prayers to Beogh against you.
Something smites you!
* * * LOW HITPOINT WARNING * * *
The orc warrior hits you from afar with a trident.
You die...

. #S #. #o
# . ##
#..#.##
#o#o..####
#
#.)[o....+
+ #@).# #
#....##
###.## ###
#.# #..
#.# #.#
#.# #. #.#
#...#.#.#
#.#
#........
#.#
#.....#.#
... #.# #
#.#


You could see an orc warrior, a water moccasin, an orc priest and 2 orcs.

Vanquished Creatures
  Pikel (D:8)
  A wyvern (D:8)
  A hippogriff (D:7)
  Edmund (D:7)
  A sky beast (D:7)
  An ogre (D:7)
  A water moccasin (D:9)
  2 necrophages
  2 centaurs
  Sigmund (D:3)
  2 giant frogs
  Blork the orc (D:9)
  A scorpion (D:7)
  A troll skeleton (D:9)
  3 wights (D:8)
  4 killer bees (D:6)
  2 hounds
  A goliath beetle (D:9)
  5 crimson imps
  A giant frog zombie (D:7)
  A jelly (D:7)
  4 orc priests
  An iguana (D:6)
  Natasha (twice) (D:3)
  6 orc wizards
  2 worker ants
  A big kobold zombie (D:6)
  Ijyb (D:6)
  Jessica (D:2)
  13 adders
  2 shadow imps
  3 giant mites
  3 worms
  8 giant geckos
  An ooze (D:3)
  24 orcs
  A ball python (D:1)
  11 bats
  2 bat skeletons
  13 goblins
  14 hobgoblins
  13 jackals
  15 kobolds
  8 quokkas
  5 giant cockroaches
  2 giant newts (D:1)
  A giant spore (D:9)
  A kobold zombie (D:7)
  16 rats
  3 ballistomycetes (D:6)
211 creatures vanquished.

Vanquished Creatures (others)
  A slave (D:8)
  A worker ant (D:8)
  An orc (D:8)
  A bat (D:6)
  A hobgoblin (D:8)
  A giant spore (D:6)
  A kobold skeleton (D:8)
7 creatures vanquished.

Grand Total: 218 creatures vanquished

Notes
Turn   | Place    | Note
--------------------------------------------------------------
     0 | D:1      | PaZy, the Minotaur Fighter, began the quest for the Orb.
     0 | D:1      | Reached XP level 1. HP: 19/19 MP: 1/1
    60 | D:1      | Reached XP level 2. HP: 27/27 MP: 1/1
    70 | D:1      | Reached skill level 4 in Armour
   170 | D:1      | Reached XP level 3. HP: 33/33 MP: 2/2
   699 | D:2      | Reached XP level 4. HP: 40/40 MP: 2/2
   702 | D:2      | Found a stormy altar of Qazlal.
   706 | D:2      | Found a shadowy altar of Dithmenos.
   741 | D:2      | Found a sparkling altar of Nemelex Xobeh.
   942 | D:2      | Noticed Jessica
   945 | D:2      | Killed Jessica
  1114 | D:2      | Found a stormy altar of Qazlal.
  1451 | D:3      | Noticed Natasha
  1457 | D:3      | Killed Natasha
  1457 | D:3      | Reached XP level 5. HP: 47/47 MP: 2/2
  1651 | D:3      | Noticed Sigmund
  1657 | D:3      | Killed Sigmund
  1657 | D:3      | Reached skill level 5 in Armour
  1657 | D:3      | Reached skill level 5 in Shields
  1710 | D:3      | Reached skill level 5 in Fighting
  2182 | D:3      | Noticed Natasha
  2185 | D:3      | Reached XP level 6. HP: 56/56 MP: 3/3
  2186 | D:3      | Killed Natasha
  2323 | D:4      | Found a blossoming altar of Fedhas.
  3071 | D:5      | Entered Level 5 of the Dungeon
  3192 | D:5      | Gained mutation: You are frail (-10% HP). [potion of mutation]
  3192 | D:5      | Gained mutation: Your vision is a little blurry. [potion of mutation]
  3192 | D:5      | Gained mutation: You have a pair of large horns on your head. [potion of mutation]
  3313 | D:5      | Found a glowing golden altar of the Shining One.
  3534 | D:5      | Lost mutation: Your vision is a little blurry. [potion of mutation]
  3534 | D:5      | Gained mutation: You can breathe flames. [potion of mutation]
  3534 | D:5      | Gained mutation: You are agile. (Dex +2) [potion of mutation]
  4062 | D:6      | Reached XP level 7. HP: 54/54 MP: 3/3
  4137 | D:6      | Noticed Ijyb
  4144 | D:6      | Reached skill level 5 in Maces & Flails
  4144 | D:6      | Reached skill level 6 in Shields
  4146 | D:6      | Killed Ijyb
  4623 | D:6      | Found Ufuvet's Magic Scroll Shoppe.
  4643 | D:6      | Bought a scroll of identify for 20 gold pieces
  4643 | D:6      | Bought a scroll of enchant weapon for 75 gold pieces
  4643 | D:6      | Bought a scroll of remove curse for 30 gold pieces
  4643 | D:6      | Bought a scroll of random uselessness for 10 gold pieces
  4643 | D:6      | Bought a scroll of identify for 20 gold pieces
  4643 | D:6      | Bought a scroll of noise for 10 gold pieces
  5233 | D:7      | Noticed Edmund
  5243 | D:7      | Killed Edmund
  5243 | D:7      | Reached XP level 8. HP: 39/63 MP: 3/3
  5612 | D:7      | Reached skill level 7 in Armour
  5794 | D:7      | Found a staircase to the Ecumenical Temple.
  6342 | Temple   | Entered the Ecumenical Temple
  6356 | Temple   | Became a worshipper of Trog the Wrathful
  6502 | D:8      | Reached skill level 8 in Fighting
  6502 | D:8      | Reached XP level 9. HP: 65/72 MP: 4/4
  6644 | D:8      | Noticed Pikel
  6654 | D:8      | Killed Pikel
  6790 | D:8      | Acquired Trog's first power
  7500 | D:9      | Reached skill level 9 in Fighting
  7775 | D:9      | Noticed Blork the orc
  7778 | D:9      | Killed Blork the orc
  7799 | D:9      | Noticed a skeletal warrior
  7799 | D:9      | Noticed a skeletal warrior
  7799 | D:9      | Noticed a skeletal warrior
  7891 | D:9      | Slain by an orc warrior

Action                   |  1- 3 |  4- 6 |  7- 9 || total
-------------------------+-------+-------+-------++-------
Melee: Flail             |    84 |   190 |   251 ||   525
Invok: Burn Spellbooks   |       |       |     1 ||     1
Evoke: Wand              |       |     3 |     3 ||     6
  Use: Scroll            |       |     6 |     7 ||    13
       Potion            |       |     6 |    10 ||    16
  Eat: Bread ration      |       |     1 |       ||     1
       Beef jerky        |       |     2 |     1 ||     3
       Meat ration       |       |     1 |     2 ||     3
       Pizza             |       |       |     2 ||     2
